 Dungeon Crawl Stone Soup version 0.17-a0-1650-gce8475a (webtiles) character file.

303 Econoterrorist the Insei (level 6, -1/47 HPs)
             Began as a Draconian Transmuter on Aug 14, 2015.
             Slain by a giant frog (8 damage)
             ... in a sewer.
             The game lasted 00:09:35 (3958 turns).

Econoterrorist the Insei (Draconian Transmuter)     Turns: 3958, Time: 00:09:37

Health: -1/47      AC:  2    Str: 12      XL:     6   Next: 15%
Magic:  4/9        EV: 19    Int: 13 (15) God:
Gold:   104        SH:  0    Dex: 17      Spells: 2 memorised, 5 levels left

rFire  . . .     SeeInvis .       - Unarmed
rCold  . . .     Clarity  .     (armour unavailable)
rNeg   + . .     SustAt   .     (shield currently unavailable)
rPois  x         Gourm    .     (helmet currently unavailable)
rElec  .         Spirit   .     (cloak currently unavailable)
rCorr  .         Warding  +     (gloves currently unavailable)
rMut   .         Stasis   .     (boots currently unavailable)
MR     .....                    m - amulet of warding
Stlth  ++........               (no ring)
                                (no ring)

@: spider-form (expiring), not resistant to hostile enchantments, unstealthy
A: unfitting armour, (cold-blooded), AC +6
a: End Transformation


You were in a sewer.
You were hungry.
You were a venomous arachnid creature.
You visited 1 branch of the dungeon, and saw 4 of its levels.
You also visited: Sewer.

You collected 104 gold pieces.

Inventory:

Jewellery
 m - an amulet of warding (around neck)
 s - an uncursed amulet of resist corrosion
Magical devices
 u - a wand of enslavement (11)
Scrolls
 e - 2 scrolls of identify {unknown}
 g - 3 scrolls of random uselessness {unknown}
 i - a scroll of teleportation {unknown}
 n - a scroll of recharging {unknown}
 o - a scroll of amnesia {unknown}
 p - a scroll of noise {unknown}
 r - a scroll of fear {unknown}
 w - a scroll of fog {unknown}
Potions
 k - a potion of curing
 q - a potion of beneficial mutation {unknown}
 t - a potion of flight {unknown}
 x - a potion of cure mutation {unknown}
Books
 b - a book of Changes

   Spells                             Type                      Level
   a - Beastly Appendage              Transmutation                1
   b - Sticks to Snakes               Transmutation                2
   c - Spider Form                    Transmutation/Poison         3
   d - Ice Form                       Ice/Transmutation            4
   e - Blade Hands                    Transmutation                5
Comestibles
 a - a fruit
 c - 2 bread rations
 d - 2 beef jerkies
 l - a meat ration


   Skills:
 - Level 1.1 Fighting
 - Level 1.7 Dodging
 - Level 5.1 Unarmed Combat
 - Level 2.0 Spellcasting
 + Level 5.0 Transmutations


You had 5 spell levels left.
You knew the following spells:

 Your Spells              Type           Power        Failure   Level  Hunger
a - Beastly Appendage     Trmt           ##....       12%         1    ##.....
b - Spider Form           Trmt/Pois      #.........   50%         3    ####...


Dungeon Overview and Level Annotations

Branches:
Dungeon (4/15)
 Temple: D:4-7

Altars:
Gozag
Qazlal
Zin


Innate Abilities, Weirdness & Mutations

((Your plain brown scales are hard (AC +6).))
Your body does not fit into most forms of armour.
((You are cold-blooded and may be slowed by cold attacks.))


Message History

Unknown command.
Drink which item? (? for menu, Esc to quit)
It was a potion of degeneration.
There was something very wrong with that liquid.
You feel dopey. The giant frog barely misses you. x3
The giant frog misses you.
Drink which item? (? for menu, Esc to quit)
It was a potion of brilliance.
You feel clever all of a sudden. The giant frog completely misses you.
The giant frog misses you.
Drink which item? (? for menu, Esc to quit)
It was a potion of cancellation.
Your magical effects are unravelling.
Your magical contamination has completely faded away.
You feel magically purged.
You feel a little less clever now. The giant frog barely misses you.
The giant frog closely misses you. The giant frog completely misses you.
The giant frog hits you!
You die...

###
#.≈≈≈≈≈≈≈≈.≈≈≈≈≈≈≈# #
#.≈≈≈≈≈≈≈≈≈≈.≈≈≈≈≈# #
#.≈≈≈≈≈≈≈≈..≈.≈≈≈# #
#.≈≈≈≈≈≈≈≈≈≈..∩≈≈# #
#.≈≈≈≈≈≈≈≈≈≈≈.≈≈≈# #
#.≈≈≈≈≈≈≈≈≈≈≈≈≈≈# #
#.≈≈≈≈≈≈≈≈≈≈≈≈≈≈# #
#.≈≈≈.≈≈≈≈≈≈≈≈≈## #
#.≈≈≈sF≈≈≈≈≈≈≈########
#.≈≈≈≈F.≈≈≈≈≈≈≈≈≈≈.≈≈≈
#.≈≈≈≈≈≈≈≈≈≈≈≈≈≈≈≈≈≈≈≈
#.≈≈≈≈≈≈≈≈≈≈≈≈≈≈≈≈≈≈≈≈
#..≈≈≈≈≈≈≈≈≈≈≈≈≈≈≈≈≈≈≈
##.....≈≈≈.≈≈≈≈≈..÷...
#####################


You could see 2 giant frogs.

Vanquished Creatures
  An ogre (D:4)
  Jessica (D:3)
  An orc wizard (D:3)
  A worker ant zombie (D:3)
  9 adders
  6 giant geckos
  5 orcs (D:3)
  4 bats
  3 hobgoblins (D:1)
  3 jackals (D:1)
  9 kobolds
  A quokka (D:3)
  2 ball pythons (Sewer)
  10 giant cockroaches
  9 giant newts
  2 goblins (D:1)
  5 rats
72 creatures vanquished.

Notes
Turn   | Place    | Note
--------------------------------------------------------------
     0 | D:1      | Econoterrorist the Draconian Transmuter began the quest for the Orb.
     0 | D:1      | Reached XP level 1. HP: 16/16 MP: 3/3
   264 | D:1      | Reached XP level 2. HP: 21/23 MP: 5/5
   772 | D:1      | Reached skill level 4 in Unarmed Combat
   994 | D:2      | Reached XP level 3. HP: 28/28 MP: 4/6
   999 | D:2      | Learned a level 3 spell: Spider Form
  1785 | D:3      | Noticed Jessica
  1789 | D:3      | Killed Jessica
  1789 | D:3      | Reached skill level 5 in Unarmed Combat
  1789 | D:3      | Reached XP level 4. HP: 31/35 MP: 7/7
  2678 | D:3      | Found an opulent altar of Gozag.
  2678 | D:3      | Found a glowing silver altar of Zin.
  2732 | D:3      | Reached XP level 5. HP: 29/40 MP: 8/8
  3241 | D:4      | Found a stormy altar of Qazlal.
  3259 | D:4      | Noticed an ogre
  3272 | D:4      | Killed an ogre
  3415 | D:4      | Found a glowing drain.
  3488 | Sewer    | Entered a sewer
  3508 | Sewer    | Reached XP level 6. HP: 43/47 MP: 9/9
  3660 | Sewer    | Reached skill level 5 in Transmutations
  3958 | Sewer    | Slain by a giant frog

Vault maps used:
D:1:      dpeg_arrival_tiny_c, wad_floor_pattern_2, hangedman_decor_lopped,
          hangedman_decor_clover_reticule
D:2:      first_bread, minmay_misc_feat_nine_boxes
D:3:      grunt_temple_overflow_gold_and_silver, uniq_jessica
D:4:      lemuel_round_altar, minmay_temple_entry_junction2,
          portal_sewer_entry_e, kennysheep_generic_room_16
Sewer:    sewer_frog_island_01

Action                   |  1- 3 |  4- 6 || total
-------------------------+-------+-------++-------
Melee: Unarmed           |   114 |   168 ||   282
 Cast: Beastly Appendage |     6 |     2 ||     8
       Spider Form       |       |     2 ||     2
  Use: Potion            |       |     4 ||     4
 Stab: Sleeping          |     1 |       ||     1
  Eat: Chunk             |     2 |     6 ||     8
       Fruit             |     1 |     1 ||     2
